 Dungeon Crawl Stone Soup version 0.30-a0-1075-gcd70e7a56d (webtiles) character file.

Game seed: 2899621726801823241

4567 BlueFish the Covert (level 10, 0/99 HPs)
             Began as an Octopode Warper on Apr 14, 2023.
             Was a Believer of Cheibriados.
             Slain by a hellwing (3 damage)
             ... on level 8 of the Dungeon.
             The game lasted 00:18:00 (8933 turns).

BlueFish the Covert (Octopode Warper)               Turns: 8933, Time: 00:18:00

Health: 0/99       AC: 32    Str: 27    XL:     10   Next: 40%
Magic:  0/17       EV:  2    Int: 20    God:    Cheibriados [**....]
Gold:   501        SH:  0    Dex: 16    Spells: 11/18 levels left

rFire   . . .      SeeInvis .    a - +0 mace (protect)
rCold   . . .      Faith    .    (no shield)
rNeg    . . .      Spirit   +    (helmet currently unavailable)
rPois   +          Reflect  .    q - amulet of guardian spirit
rElec   .          Rampage  .    d - ring of willpower
rCorr   +          NoTele   +    r - +6 ring of strength
Will    +....                    H - ring of resist corrosion
Stlth   ++++                     g - +5 ring of evasion
HPRegen 0.36/turn                (no ring)
MPRegen 0.15/turn                (no ring)
                                 (no ring)
                                 (no ring)

@: tree-form, under a protective aura, invisible, very slow
A: stationary, stasis, torment immunity, boosted hp, almost no armour,
(amphibious), 8 rings, (camouflage 1), (gelatinous body 1), (nimble swimmer 1),
(tentacles)
a: Renounce Religion, Bend Time


You were on level 8 of the Dungeon.
You worshipped Cheibriados.
Cheibriados was pleased with you.
You were a tree.
You visited 2 branches of the dungeon, and saw 10 of its levels.

You collected 501 gold pieces.

Inventory:

Hand Weapons
 a - a +0 mace of protection (weapon)
 b - a +0 shortbow
 t - a +0 mace
Missiles
 c - 5 boomerangs of dispersal
 e - 47 stones (quivered)
 i - 10 poisoned darts
 B - 2 silver boomerangs
Armour
 E - a +0 kite shield
Jewellery
 d - a ring of willpower (left branch)
 g - a +5 ring of evasion (on tentacle)
 q - an amulet of guardian spirit (around neck)
 r - a +6 ring of strength (right branch)
 H - a ring of resist corrosion (on tentacle)
Wands
 m - a wand of flame (2)
Scrolls
 k - a scroll of torment {unknown}
 n - a scroll of noise {unknown}
 o - 3 scrolls of enchant armour
 s - a scroll of immolation
 v - 4 scrolls of magic mapping
 w - 2 scrolls of teleportation {unknown}
 y - a scroll of amnesia {unknown}
 C - a scroll of silence {unknown}
 F - a scroll of blinking
 G - a scroll of acquirement {unknown}
 I - a scroll of fear {unknown}
Potions
 f - a potion of attraction {unknown}
 h - 5 potions of brilliance
 l - 3 potions of haste
 p - 4 potions of curing
 u - a potion of degeneration {unknown}
 x - 2 potions of cancellation
 z - 2 potions of resistance
 A - 2 potions of magic {unknown}
 D - a potion of flight {unknown}


   Skills:
 + Level 5.1 Fighting
 + Level 5.2 Maces & Flails
 + Level 5.0 Throwing
 + Level 5.4 Dodging
 * Level 9.9 Stealth
 + Level 2.6 Shields
 + Level 4.9 Spellcasting
 + Level 5.6 Translocations
 + Level 3.2 Invocations
 + Level 3.1 Evocations


You had 11 spell levels left.
You knew the following spells:

 Your Spells              Type           Power      Damage    Failure   Level
a - Blink                 Tloc           54%        N/A       1%          2
b - Lesser Beckoning      Tloc           54%        N/A       1%          2
c - Teleport Other        Tloc           27%        N/A       3%          3

Your spell library contained the following spells:

 Spells                   Type           Power      Damage    Failure   Level
 Vhi's Electric Charge    Tloc/Air       32%        N/A       11%         3
 Slow                     Hex            16%        N/A       12%         1
 Summon Small Mammal      Summ           16%        N/A       12%         1
 Manifold Assault         Tloc           27%        N/A       12%         4
 Call Canine Familiar     Summ           4%         N/A       34%         3
 Confusing Touch          Hex            4%         N/A       34%         3
 Summon Guardian Golem    Hex/Summ       4%         N/A       34%         3
 Vampiric Draining        Necr           4%         2d6       34%         3
 Animate Dead             Necr           4%         N/A       75%         4
 Arcjolt                  Conj/Air       2%         1d12      97%         5
 Plasma Beam              Fire/Air       2%         2x1d13    100%        6
 Haunt                    Necr/Summ      2%         N/A       100%        7
 Infestation              Necr           2%         N/A       100%        8


Dungeon Overview and Level Annotations

Branches:
Dungeon (9/15)             Temple (1/1) D:6            Lair (0/5) D:8
    Orc (0/2) D:9

Altars:
Ashenzari
Cheibriados
Dithmenos
Elyvilon
Fedhas
Gozag
Hepliaklqana
Kikubaaqudgha
Makhleb
Nemelex Xobeh
Okawaru
Qazlal
Ru
Sif Muna
Trog
Uskayaw
Vehumet
Wu Jian
Xom
Yredelemnul
Zin
The Shining One


Innate Abilities, Weirdness & Mutations

You are a tree.
Your roots penetrate the ground, keeping you stationary.
You cannot be teleported.
You are immune to unholy pain and torment.
Your maximum health is greatly increased.
You cannot wear most types of armour.
((You are amphibious.))
You can wear up to eight rings at the same time.
((Your skin changes colour to match your surroundings (Stealth+).))
((Your rubbery body absorbs attacks. (AC +1, EV +1)))
((You are camouflaged when in or above water. (Stealth+)))
((You have tentacles for arms and can constrict up to eight enemies at once.))


Message History

You hit the hellwing but do no damage. You punch the hellwing.
The hellwing is heavily wounded.
The hellwing hits you but does no damage. x2
You hit the hellwing but do no damage.
The hellwing is heavily wounded.
The hellwing hits you but does no damage.
The hellwing completely misses you.
You hit the hellwing but do no damage.
The hellwing is heavily wounded.
The hellwing hits you but does no damage. x2
You hit the hellwing.
The hellwing is heavily wounded.
The hellwing hits you but does no damage. x3
The hellwing hits you.
* * * LOW HITPOINT WARNING * * *
You hit the hellwing but do no damage.
The hellwing is heavily wounded.
The hellwing hits you!
* * * LOW HITPOINT WARNING * * *
The hellwing hits you but does no damage.
You hit the hellwing but do no damage.
The hellwing is heavily wounded.
The hellwing hits you but does no damage.
The hellwing hits you.
* * * LOW HITPOINT WARNING * * *
You feel better.
The hellwing hits you but does no damage. x2
Okay, then.
Okay, then.
You fade into invisibility!
The hellwing hits you but does no damage. x2
You sock the hellwing!
The hellwing is severely wounded.
The hellwing hits you!
* * * LOW HITPOINT WARNING * * *
The hellwing hits you but does no damage.
You hit the hellwing but do no damage.
The hellwing is severely wounded.
The hellwing hits you.
You die...

..##.............####..........##
.###.............####.....#......
####..[..................##......
.............#..........####.....
............#####.......####.....
...#....##..#####................
...#...###...##..<...............
...##..##......))................
...............[♣................
...............4..##.............
.###...........[)................
## #..........).####....#........
# ##...........####..#####......
##.....##.....#...)#.###.##..
##.##.####....#..........####
##..####.#.#.<...........## #
#..####...........|.......## #


You could see a hellwing (unable to see you).

Vanquished Creatures
  A komodo dragon (D:8)
  A kobold demonologist (D:8)
  A hornet (D:8)
  A hellwing (D:8)
  Sigmund (D:2)
  A wyvern (D:7)
  Eustachio (D:4)
  2 steam dragons (D:8)
  3 water moccasins
  An acid dragon (D:8)
  Duvessa (D:7)
  A black bear (D:7)
  2 ice beasts (D:5)
  A sky beast (D:8)
  An orc warrior (D:9)
  A centaur (D:6)
  2 ogres
  Blork the orc (D:4)
  A gnoll sergeant (D:8)
  3 bullfrogs
  2 scorpions
  Dowan (D:7)
  6 killer bees (D:8)
  A howler monkey (D:5)
  3 hounds
  2 orc priests
  3 jellies
  Crazy Yiuf (D:3)
  A gnoll bouda (D:5)
  2 sleepcaps
  2 iguanas
  Jessica (D:3)
  6 orc wizards
  Natasha (thrice) (D:3)
  Robin (D:3)
  10 gnolls
  3 adders
  2 shadow imps
  3 white imps
  3 worms (D:2)
  15 orcs
  7 ball pythons
  5 bats
  9 endoplasms
  2 giant cockroaches
  16 goblins
  8 hobgoblins
  6 jackals (D:4)
  8 kobolds
  8 quokkas
  2 frilled lizards
  13 rats
182 creatures vanquished.

Vanquished Creatures (others)
  3 plants (D:8)
3 creatures vanquished.

Grand Total: 185 creatures vanquished

Notes
Turn   | Place    | Note
-------+----------+-------------------------------------------
     0 | D:1      | BlueFish the Octopode Warper began the quest for the Orb.
     0 | D:1      | Reached XP level 1. HP: 14/14 MP: 3/3
   120 | D:1      | Reached skill level 1 in Stealth
   120 | D:1      | Reached XP level 2. HP: 12/19 MP: 5/5
   535 | D:1      | Reached XP level 3. HP: 16/24 MP: 6/6
   616 | D:1      | Reached skill level 2 in Stealth
   848 | D:1      | Found a faded altar of an unknown god.
   910 | D:2      | Noticed Sigmund
  1462 | D:2      | Reached XP level 4. HP: 17/29 MP: 7/7
  1477 | D:2      | Learned a level 2 spell: Blink
  1480 | D:2      | Learned a level 2 spell: Lesser Beckoning
  1484 | D:2      | Learned a level 3 spell: Teleport Other
  1989 | D:3      | Noticed Robin
  2059 | D:3      | Noticed Jessica
  2079 | D:3      | Killed Jessica
  2143 | D:3      | Reached skill level 3 in Stealth
  2143 | D:3      | Reached XP level 5. HP: 28/35 MP: 5/8
  2376 | D:3      | Noticed Natasha
  2382 | D:3      | Killed Natasha
  2388 | D:3      | Noticed Natasha
  2398 | D:3      | Killed Natasha
  2403 | D:3      | Noticed Natasha
  2409 | D:3      | Killed Natasha
  2509 | D:3      | Noticed an ogre
  2518 | D:3      | HP: 1/35 [poisoned by a kobold]
  2699 | D:2      | Killed Sigmund
  2700 | D:2      | Reached skill level 4 in Stealth
  2700 | D:2      | Reached XP level 6. HP: 24/41 MP: 6/10
  2811 | D:3      | Reached XP level 7. HP: 24/46 MP: 6/11
  2907 | D:3      | Killed Robin
  3002 | D:3      | Found a runed translucent door.
  3003 | D:3      | Noticed Crazy Yiuf
  3175 | D:3      | Killed Crazy Yiuf
  3176 | D:3      | Reached skill level 5 in Stealth
  3477 | D:4      | Noticed Blork the orc
  3489 | D:4      | Killed Blork the orc
  3707 | D:4      | Noticed Eustachio
  3720 | D:4      | Killed Eustachio
  3721 | D:4      | Reached skill level 6 in Stealth
  3721 | D:4      | Reached XP level 8. HP: 33/52 MP: 8/13
  3860 | D:4      | Found a shimmering blue altar of Sif Muna.
  4387 | D:5      | Entered Level 5 of the Dungeon
  4865 | D:5      | Reached skill level 7 in Stealth
  5477 | D:6      | Found a blossoming altar of Fedhas.
  5477 | D:6      | Found a glowing silver altar of Zin.
  5513 | D:6      | Found a staircase to the Ecumenical Temple.
  5524 | Temple   | Entered the Ecumenical Temple
  5550 | Temple   | Became a worshipper of Cheibriados the Contemplative
  5636 | D:6      | Reached XP level 9. HP: 55/58 MP: 12/15
  5796 | D:6      | Reached skill level 8 in Stealth
  5796 | D:6      | Reached skill level 1 in Invocations
  5796 | D:6      | Reached skill level 1 in Evocations
  6204 | D:7      | Noticed Dowan
  6206 | D:7      | Noticed Duvessa
  6219 | D:7      | Killed Duvessa
  6219 | D:7      | Reached * piety under Cheibriados
  6220 | D:7      | Reached skill level 5 in Translocations
  6221 | D:7      | Killed Dowan
  6541 | D:7      | Reached skill level 1 in Shields
  6979 | D:8      | Identified the +6 trident of the Depths {elec, Str+3
                  | Stlth+}
  7077 | D:8      | Reached skill level 5 in Dodging
  7306 | D:8      | Reached skill level 9 in Stealth
  7590 | D:8      | Reached XP level 10. HP: 11/65 MP: 2/16
  7862 | D:8      | Reached ** piety under Cheibriados
  7919 | D:8      | Reached skill level 5 in Maces & Flails
  7966 | D:8      | Found a staircase to the Lair.
  7995 | D:8      | Reached skill level 5 in Fighting
  8453 | D:9      | Found a staircase to the Orcish Mines.
  8709 | D:9      | Noticed a kobold demonologist
  8721 | D:8      | Reached skill level 5 in Throwing
  8878 | D:9      | Noticed a kobold demonologist
  8897 | D:8      | Noticed a soul eater
  8900 | D:8      | Noticed a soul eater
  8901 | D:8      | Killed a kobold demonologist
  8929 | D:8      | HP: 4/99 [hellwing (4)]
  8933 | D:8      | Slain by a hellwing

Illustrated notes

Levels and vault maps discovered:
D:1:      dpeg_arrival_central, layout_rooms,
          dilly_ecumenical_altar_fadedgnrine, minivault_27,
          minmay_rat_gold_closets
D:2:      layout_loops_ring, uniq_sigmund
D:3:      layout_rooms, minmay_strange_pillars, moated_statue,
          uniq_crazy_yiuf_cottage, uniq_jessica, uniq_natasha, uniq_robin
D:4:      layout_cave_pods, kennysheep_orc_sif_temple, serial_park,
          serial_park_tiny_1, serial_park_gazebo [serial_park_minivault_5x5_3],
          serial_park_tiny_2, uniq_eustachio, uniq_blork_the_orc
D:5:      kennysheep_spiral_hall, layout_cave_pools
D:6:      layout_cave_pools, mainiacjoe_overflow_catwalk_spiral, temple_pool_b,
          st_stairs_1
D:7:      layout_basic, uniq_duvessa
D:8:      layout_cave_pools, david_lair_shrubbed
D:9:      cheibrodos_grave_circle, layout_rooms
Temple:   hellmonk_temple_of_storms

Skill      XL: |  1  2  3  4  5  6  7  8  9 10 |
---------------+-------------------------------+-----
Stealth        | 1 2 3 4 6 7 9 |  9.9
Throwing       | 2 3 4 5 |  5.0
Dodging        | 3 4 5 |  5.4
Maces & Flails | 3 4 5 |  5.2
Fighting       | 3 4 5 |  5.1
Spellcasting   | 3 4 |  4.9
Translocations | 4 5 |  5.6
Invocations    | 2 3 |  3.2
Evocations     | 2 3 |  3.1
Shields        | 2 |  2.6

Action                     |  1- 3 |  4- 6 |  7- 9 | 10-12 || total
---------------------------+-------+-------+-------+-------++-------
  Melee: Mace              |    83 |    68 |   274 |   123 ||   548
         Constrict         |    22 |    12 |    53 |     9 ||    96
         Tentacles         |    12 |    18 |    63 |    29 ||   122
         Punch             |       |       |     4 |     2 ||     6
   Fire: Shortbow          |       |       |    25 |     5 ||    30
  Throw: Stone             |       |    10 |    11 |       ||    21
         Dart              |       |     4 |    21 |     4 ||    29
         Boomerang         |       |       |       |     2 ||     2
   Cast: Lesser Beckoning  |       |       |     5 |     5 ||    10
         Blink             |       |       |     4 |     2 ||     6
  Evoke: Wand              |       |       |    25 |       ||    25
    Use: Potion            |       |     3 |     6 |     4 ||    13
         Scroll            |       |       |     6 |       ||     6
   Stab: Sleeping          |    15 |     1 |    17 |       ||    33
         Distracted        |       |     1 |       |       ||     1
 Armour: Skin              |    10 |     8 |   185 |   163 ||   366
  Dodge: Dodged            |    58 |    43 |   262 |   161 ||   524

Table legend: (Time is in decaauts)
 A = Elapsed time spent in this place.
 B = Non-inter-level travel time spent in this place.
 C = Inter-level travel time spent in this place.
 D = Time resting spent in this place.
 E = Time spent auto-exploring this place.
 F = Levels seen in this place.
 G = Mean time per level.
                   A        B        C        D        E       F      G
               +--------+--------+--------+--------+--------+-----+--------+
         Total |   9646 |   9159 |    487 |    495 |   6814 |  10 |  964.6 |
       Dungeon |   9597 |   9119 |    478 |    495 |   6794 |   9 | 1066.3 |
        Temple |     49 |     41 |      8 |      0 |     20 |   1 |   49.0 |
               +--------+--------+--------+--------+--------+-----+--------+

Top non-repeatable levels by time:
     D:8: 2242 daAuts
     D:2: 1384 daAuts
     D:4: 1220 daAuts
     D:7: 1052 daAuts
     D:5: 1035 daAuts
     D:3: 1015 daAuts
     D:1: 889 daAuts
     D:6: 728 daAuts
  Temple: 49 daAuts
     D:9: 28 daAuts
